 Dungeon Crawl Stone Soup version 0.29.1-1-gd02db6906a (webtiles) character file.

Game seed: 1702431906898298473

123 Decritt7 the Magician (level 5, -1/40 HPs)
             Began as a Djinni Conjurer on Oct 2, 2022.
             Slain by an orc priest
             ... wielding a +0 hand axe
              (3 damage)
             ... on level 3 of the Dungeon.
             The game lasted 00:05:40 (3715 turns).

Decritt7 the Magician (Djinni Conjurer)             Turns: 3715, Time: 00:05:40

Health: -1/40      AC:  4    Str:  6    XL:     5   Next: 28%
Gold:   156        EV: 12    Int: 22    God:
                   SH:  5    Dex: 11

rFire   + + +      SeeInvis .   (no weapon)
rCold   x . .      Faith    .   (no shield)
rNeg    . . .      Spirit   .   a - +0 robe
rPois   ∞          Reflect  +   e - +0 helmet
rElec   .          Harm     .   n - +0 cloak
rCorr   .          Rampage  .   (no gloves)
Will    .....                   (boots unavailable)
Stlth   ++........              p - amulet of reflection
HPRegen 0.13/turn               b - ring of protection from fire
MPRegen 0.00/turn               (no ring)

@: flying, hasted, very quick
A: sickness immunity, fire resistance 2, cold vulnerability 1, float, innate
caster, HP casting, extra vitality 1
a: no special abilities


You were on level 3 of the Dungeon.
You visited 1 branch of the dungeon, and saw 4 of its levels.

You collected 156 gold pieces.

Inventory:

Armour
 a - a +0 robe (worn)
 e - a +0 helmet (worn)
 n - a +0 cloak (worn)
Jewellery
 b - a ring of protection from fire (left hand)
 c - a ring of fire
 k - the amulet of the Will of the Gods {Spirit rPois Will+ Stlth+}
   (You found it on level 2 of the Dungeon)

   [amulet of guardian spirit]

   It causes incoming damage to be divided between your reserves of health and
   magic.
   rPois:     It protects you from poison.
   Will:      It increases your willpower.
   Stlth:     It makes you more stealthy.
 p - an amulet of reflection (around neck)
Scrolls
 g - a scroll of immolation {unknown}
 j - a scroll of brand weapon {unknown}
 o - 2 scrolls of magic mapping {unknown}
 q - a scroll of enchant weapon {unknown}
 r - a scroll of poison {unknown}
 s - a scroll of vulnerability {unknown}
Potions
 d - a potion of might {unknown}
 f - a potion of mutation
 h - a potion of berserk rage {unknown}
 i - a potion of haste
 l - a potion of flight {unknown}


   Skills:
 + Level 2.8 Fighting
 - Level 2.4 Dodging
 - Level 1.7 Stealth
 + Level 4.1 Spellcasting


You couldn't memorise any spells.
You knew the following spells:

 Your Spells              Type           Power      Damage    Failure   Level
a - Necrotise             Necr           88%        1d8       1%          1
b - Searing Ray           Conj           44%        2d6       3%          2
c - Fulminant Prism       Conj/Hex       11%        3d9       21%         4
d - Dazzling Flash        Conj/Hex       44%        N/A       6%          3
e - Iskenderun's Mystic   Conj/Tloc      22%        2d6       21%         4
f - Magic Dart            Conj           88%        1d7       1%          1
g - Wereblood             Tmut           22%        N/A       3%          2
Your spell library was empty.

Dungeon Overview and Level Annotations

Branches:
Dungeon (4/15)
 Temple: D:4-7

Altars:

Annotations:
D:2 1 runed translucent door, Crazy Yiuf


Innate Abilities, Weirdness & Mutations

You are immune to sickness and miasma.
You are immune to poison.
Your flesh is very heat resistant. (rF++)
You are vulnerable to cold. (rC-)
You float through the air rather than walking.
You learn spells naturally, not from books.
Your magical power is your life essence.
You have superior vitality. (+4 MHP)


Message History

The orc priest invokes the aid of Beogh against you.
Pain shoots through your body!
* * * LOW HITPOINT WARNING * * *
Casting: Magic Dart (safe; 1% risk of failure)
Confirm with . or Enter, or press ? or * to list all spells.
Aiming: Necrotise (safe; 1% risk of failure)
Press: ? - help, Shift-Dir - straight line, f/p - orc priest
Aim: an orc priest, wielding a +0 hand axe (severely wounded, chance to affect: 81%)
The orc priest writhes in agony.
* * * LOW HITPOINT WARNING * * *
Casting: Necrotise (safe; 1% risk of failure)
Confirm with . or Enter, or press ? or * to list all spells.
Aiming: Necrotise (safe; 1% risk of failure)
Press: ? - help, Shift-Dir - straight line, f/p - orc priest
Aim: an orc priest, wielding a +0 hand axe (almost dead, chance to affect: 81%)
The orc priest barely resists.
* * * LOW HITPOINT WARNING * * *
The orc priest calls down the wrath of Beogh upon you.
Pain shoots through your body!
* * * LOW HITPOINT WARNING * * *
Casting: Necrotise (safe; 1% risk of failure)
Confirm with . or Enter, or press ? or * to list all spells.
Aiming: Necrotise (safe; 1% risk of failure)
Press: ? - help, Shift-Dir - straight line, f/p - orc priest
Aim: an orc priest, wielding a +0 hand axe (almost dead, chance to affect: 81%)
The orc priest writhes in agony.
* * * LOW HITPOINT WARNING * * *
The orc priest casts a cantrip, but nothing happens.
Okay, then.
Casting: Necrotise (safe; 1% risk of failure)
Confirm with . or Enter, or press ? or * to list all spells.
Aiming: Necrotise (safe; 1% risk of failure)
Press: ? - help, Shift-Dir - straight line, f/p - orc priest
Aim: an orc priest, wielding a +0 hand axe (almost dead, chance to affect: 81%)
The orc priest barely resists.
* * * LOW HITPOINT WARNING * * *
You block the orc priest's attack.
You feel yourself speed up.
The orc priest hits you with a +0 hand axe.
You die...

.....# #.####.###..########.#
.....####....................#
..............>###.###########
#########.####.#...# #.#
#)#.#.# #.# #.#.#.# #.#
#o#.#.######### #######.#
#.#.#...†.....# #
#.......####.#@#.######### #
#.#####......o.#.# ###.#
#....###.###.# ....# ####.#
#.# #.# ##..# #.# #.# ###
#..#### #.# #.# #.....#
#.###.#######
##.##.###.#.........#
#.##..##.#.#.#####.#


You could see an orc priest.

Vanquished Creatures
  Natasha (D:3)
  A gnoll (D:1)
  4 dart slugs
  8 orcs (D:3)
  7 endoplasms
  2 giant cockroaches (D:3)
  4 goblins
  4 hobgoblins
  6 jackals
  3 quokkas
  9 ball pythons
  7 bats
  3 frilled lizards
  2 kobolds (D:2)
  3 rats
64 creatures vanquished.

Vanquished Creatures (collateral kills)
  An endoplasm (D:2)
  A jackal (D:3)
  A bat (D:2)
3 creatures vanquished.

Grand Total: 67 creatures vanquished

Notes
Turn   | Place    | Note
-------+----------+-------------------------------------------
     0 | D:1      | Decritt7 the Djinni Conjurer began the quest for the Orb.
     0 | D:1      | Decritt7 set off with the following spells memorised: Magic
                  | Dart, Searing Ray, Dazzling Flash, Fulminant Prism,
                  | Iskenderun's Mystic Blast.
     0 | D:1      | Reached XP level 1. HP: 15/15 MP: 0/0
   342 | D:1      | Reached XP level 2. HP: 9/21 MP: 0/0
   788 | D:1      | Reached skill level 1 in Fighting
   788 | D:1      | Reached XP level 3. HP: 24/27 MP: 0/0
   788 | D:1      | Learned a level 1 spell: Necrotise
  1320 | D:1      | Found a faded altar of an unknown god.
  1745 | D:2      | Found a runed translucent door.
  1746 | D:2      | Noticed Crazy Yiuf
  1940 | D:2      | Identified the amulet of the Will of the Gods {Spirit rPois
                  | Will+ Stlth+}
  2114 | D:2      | Reached XP level 4. HP: 30/33 MP: 0/0
  3159 | D:3      | Reached skill level 4 in Spellcasting
  3168 | D:3      | Noticed Natasha
  3172 | D:3      | Killed Natasha
  3173 | D:3      | Reached XP level 5. HP: 30/39 MP: 0/0
  3173 | D:3      | Learned a level 2 spell: Wereblood
  3705 | D:3      | HP: 2/40 [orc priest/divine providence (12)]
  3715 | D:3      | Slain by an orc priest

Illustrated notes

Levels and vault maps discovered:
D:1:      dpeg_arrival_court, layout_loops_ring,
          shapermc_ecumenical_altar_acropolis
D:2:      layout_loops_ring, st_stairs_14, uniq_crazy_yiuf_cottage
D:3:      layout_basic, kennysheep_generic_room_15, uniq_natasha
D:4:      layout_basic, nzn_wu_jian_contemplation, kennysheep_slug_shrine,
          serial_shops, nicolae_shop_hallway_stairs

Skill      XL: |  1  2  3  4 |
---------------+-------------+-----
Fighting       | 1 2 |  2.8
Spellcasting   | 4 |  4.1
Dodging        | |  2.4
Stealth        | |  1.7

Action                   |  1- 3 |  4- 6 || total
-------------------------+-------+-------++-------
Melee: Unarmed           |     1 |     1 ||     2
 Cast: Magic Dart        |    59 |    37 ||    96
       Necrotise         |    13 |    36 ||    49
  Use: Scroll            |       |     3 ||     3
       Potion            |       |     2 ||     2
Armor: Robe              |     4 |     1 ||     5
Dodge: Dodged            |    11 |     7 ||    18
Block: Other             |       |     4 ||     4
       Reflection        |       |     1 ||     1
